 Dungeon Crawl Stone Soup version 0.30-a0-321-gf7783e6616 (webtiles) character file.

Game seed: 8187871539210965093

47 Jorund the Basher (level 3, 28/28 HPs)
             Began as a Gnoll Wanderer on Oct 26, 2022.
             Quit the game on level 2 of the Dungeon.
             The game lasted 00:02:08 (1538 turns).

Jorund the Basher (Gnoll Wanderer)                  Turns: 1538, Time: 00:02:09

Health: 28/28      AC:  7    Str: 14    XL:     3   Next: 70%
Magic:  4/4        EV: 12    Int: 14    God:
Gold:   72         SH:  0    Dex:  7    Spells: 4/4 levels left

rFire   . . .      SeeInvis .    a - +0 mace
rCold   . . .      Faith    .    (no shield)
rNeg    . . .      Spirit   .    b - +2 leather armour
rPois   .          Reflect  .    (no helmet)
rElec   .          Harm     .    (no cloak)
rCorr   .          Rampage  .    (no gloves)
Will    .....      Rage     3%   (no boots)
Stlth   +.........               (no amulet)
HPRegen 1.04/turn                (no ring)
MPRegen 0.09/turn                (no ring)

@: no status effects
A: fangs 1, strong nose, distributed training, iridescent scales 1, berserk 1,
regeneration 1
a: no special abilities


You were on level 2 of the Dungeon.
You visited 1 branch of the dungeon, and saw 2 of its levels.

You collected 72 gold pieces.

Inventory:

Hand Weapons
 a - a +0 mace (weapon)
 d - a +0 dagger
Missiles
 c - 8 poisoned darts (quivered)
Armour
 b - a +2 leather armour (worn)
Scrolls
 f - a scroll of identify
 g - a scroll of noise {unknown}
 i - a scroll of torment {unknown}
 l - 2 scrolls of enchant weapon {unknown}
Potions
 e - 2 potions of curing
 h - a potion of lignification {unknown}
 j - a potion of heal wounds {unknown}
 k - a potion of might


   Skills:
 + Level 2.6 Fighting
 + Level 1.0 Short Blades
 + Level 1.0 Long Blades
 + Level 1.0 Axes
 + Level 8.5 Maces & Flails
 + Level 1.0 Polearms
 + Level 1.0 Staves
 + Level 1.0 Ranged Weapons
 + Level 2.6 Throwing
 + Level 2.6 Armour
 + Level 6.5 Dodging
 + Level 1.0 Stealth
 + Level 1.0 Shields
 + Level 1.0 Unarmed Combat
 + Level 1.0 Spellcasting
 + Level 0.7 Conjurations
 + Level 0.7 Hexes
 + Level 0.7 Summonings
 + Level 0.7 Necromancy
 + Level 0.7 Translocations
 + Level 0.7 Transmutations
 + Level 0.7 Fire Magic
 + Level 0.7 Ice Magic
 + Level 0.7 Air Magic
 + Level 0.7 Earth Magic
 + Level 0.7 Poison Magic
 + Level 1.0 Invocations
 + Level 1.0 Evocations


You had 4 spell levels left.
You didn't know any spells.
Your spell library was empty.

Dungeon Overview and Level Annotations

Branches:
Dungeon (2/15)

Altars:


Innate Abilities, Weirdness & Mutations

You have very sharp teeth.
Your uncanny sense of smell can sniff out nearby items.
Your experience applies equally to all skills.
You are partially covered in iridescent scales. (AC +2)
You sometimes lose your temper in combat.
Your natural rate of healing is unusually fast.


Message History

j - a red potion
l - 2 scrolls labelled PYEHUT DOISA (gained 1)
You open the door.
You see here a +0 leather armour.
You open the door.
There is an open door here.
As you open the door, it creaks loudly!
There is an open door here.
There is an open door here.
A giant cockroach comes into view.
A giant cockroach is nearby!
A giant cockroach is nearby!
You hit the giant cockroach but do no damage.
The giant cockroach completely misses you.
You closely miss the giant cockroach. The giant cockroach bites you.
You hit the giant cockroach but do no damage.
The giant cockroach misses you. x2
You hit the giant cockroach but do no damage.
The giant cockroach closely misses you.
You hit the giant cockroach.
The giant cockroach is heavily wounded.
The giant cockroach completely misses you.
You hit the giant cockroach.
You kill the giant cockroach!
No target in view!
You see here a giant cockroach corpse.
There is an open door here.
There is an open door here.
There is an open door here.
There is an open door here.
You see here a +0 short sword.
There is an open door here.
You see here a rat skeleton.
You see here a rat skeleton.
There is an open door here.
You see here a +0 leather armour.
Key pressed, stopping explore.
Done exploring.
Done exploring.
Are you sure you want to abandon this character and quit the game? (Confirm with "yes".)

#.......# #....
###.#####.# #....
#.#.# #.# #....
#.#.# #.####....
#.#.# #.#.......
#.#.# #.#.###...
#.#.# #...# #...
#.#.######### ####
#@#.†..# #######
#.#....# #.....#
#.#....# #.....#
#.#....####.....#
#.#......†......#
#.#########.....#
#.#.....# #.....#
#.#.###.###.....##
#.#.# #...........


There were no monsters in sight!

Vanquished Creatures
  A worm (D:2)
  A dart slug (D:1)
  6 ball pythons
  3 endoplasms (D:1)
  4 giant cockroaches
  2 goblins (D:1)
  4 hobgoblins
  3 jackals (D:1)
  5 kobolds
  A quokka (D:1)
  A bat (D:1)
  7 rats
38 creatures vanquished.

Notes
Turn   | Place    | Note
-------+----------+-------------------------------------------
     0 | D:1      | Jorund the Gnoll Wanderer began the quest for the Orb.
     0 | D:1      | Jorund set off with the following items: a +0 mace, a +2
                  | leather armour, 8 poisoned darts, a +0 dagger, a potion of
                  | curing.
     0 | D:1      | Reached XP level 1. HP: 17/17 MP: 1/1
   102 | D:1      | Reached XP level 2. HP: 22/23 MP: 2/2
   606 | D:1      | Reached XP level 3. HP: 28/28 MP: 3/3
   754 | D:2      | Gained mutation: You are partially covered in iridescent
                  | scales. (AC +2) [potion of mutation]
   754 | D:2      | Gained mutation: You sometimes lose your temper in combat.
                  | [potion of mutation]
   754 | D:2      | Gained mutation: Your natural rate of healing is unusually
                  | fast. [potion of mutation]
   885 | D:2      | Reached skill level 1 in Invocations
  1211 | D:2      | Reached skill level 1 in Short Blades
  1211 | D:2      | Reached skill level 1 in Long Blades
  1211 | D:2      | Reached skill level 1 in Axes
  1211 | D:2      | Reached skill level 1 in Polearms
  1211 | D:2      | Reached skill level 1 in Staves
  1211 | D:2      | Reached skill level 1 in Ranged Weapons
  1211 | D:2      | Reached skill level 1 in Stealth
  1211 | D:2      | Reached skill level 1 in Shields
  1211 | D:2      | Reached skill level 1 in Unarmed Combat
  1211 | D:2      | Reached skill level 1 in Spellcasting
  1211 | D:2      | Reached skill level 1 in Evocations
  1538 | D:2      | Quit the game

Illustrated notes

Levels and vault maps discovered:
D:1:      dpeg_arrival_rhombi, layout_basic
D:2:      layout_basic, chequers_decorated_corner

Skill      XL: |  1  2  3 |
---------------+----------+-----
Invocations    | 1 |  1.0
Short Blades   | 1 |  1.0
Long Blades    | 1 |  1.0
Axes           | 1 |  1.0
Polearms       | 1 |  1.0
Staves         | 1 |  1.0
Ranged Weapons | 1 |  1.0
Stealth        | 1 |  1.0
Shields        | 1 |  1.0
Unarmed Combat | 1 |  1.0
Spellcasting   | 1 |  1.0
Evocations     | 1 |  1.0
Fighting       | |  2.6
Maces & Flails | |  8.5
Throwing       | |  2.6
Armour         | |  2.6
Dodging        | |  6.5
Conjurations   | |  0.7
Hexes          | |  0.7
Summonings     | |  0.7
Necromancy     | |  0.7
Translocations | |  0.7
Transmutations | |  0.7
Fire Magic     | |  0.7
Ice Magic      | |  0.7
Air Magic      | |  0.7
Earth Magic    | |  0.7
Poison Magic   | |  0.7

Action                   || total
-------------------------++-------
Melee: Mace              ||   125
       Bite              ||     9
       Punch             ||     2
  Use: Potion            ||     2
       Scroll            ||     1
Armor: Leather armour    ||    61
Dodge: Dodged            ||   101

Table legend: (Time is in decaauts)
 A = Elapsed time spent in this place.
 B = Non-inter-level travel time spent in this place.
 C = Inter-level travel time spent in this place.
 D = Time resting spent in this place.
 E = Time spent auto-exploring this place.
 F = Levels seen in this place.
 G = Mean time per level.
                   A        B        C        D        E       F      G
               +--------+--------+--------+--------+--------+-----+--------+
         Total |   1559 |   1547 |     12 |     40 |   1262 |   2 |  779.5 |
       Dungeon |   1559 |   1547 |     12 |     40 |   1262 |   2 |  779.5 |
               +--------+--------+--------+--------+--------+-----+--------+

Top non-repeatable levels by time:
     D:2: 808 daAuts
     D:1: 750 daAuts
